 Dungeon Crawl Stone Soup version 0.14-a0-1707-g75daffb (webtiles) character file.

329 PolkaDot the Ruinous (level 5, 0/35 HPs)
             Began as a Vampire Conjurer on Dec 31, 2013.
             Killed from afar by an orc wizard (2 damage)
             ... with a magic dart
             ... on Level 3 of the Dungeon.
             The game lasted 00:13:22 (3442 turns).

PolkaDot the Ruinous (Vampire Conjurer)             Turns: 3442, Time: 00:13:23

HP   0/35        AC  3     Str  7      XL: 5   Next: 42%
MP   4/9         EV 12     Int 18      God:
Gold 137         SH  0     Dex 14      Spells:  3 memorised,  1 level left

rFire  . . .     SeeInvis +     q - +3,+2 dwarf hand axe (elec) (curse)
rCold  . . .     Clarity  .     a - +0 robe
rNeg   . . .     Conserve .     (no shield)
rPois  .         rCorr    .     (no helmet)
rElec  .         rRot     .     (no cloak)
SustAb . .       Spirit   .     d - +0 pair of gloves
rMut   +         Warding  .     (no boots)
Saprov . . .     RndTele  +     o - cursed amulet of resist mutation
                                (no ring)
                                g - ring of teleportation

@: regenerating quickly, very slightly contaminated, slightly resistant to
hostile enchantments, stealthy
A: fangs 3, see invisible, unbreathing
a: Evoke Teleportation


You were on level 3 of the Dungeon.
You were very full.

You visited 1 branch of the dungeon, and saw 3 of its levels.

You collected 137 gold pieces.

Inventory:

Hand weapons
 q - a cursed +3,+2 dwarven hand axe of electrocution (weapon)
Armour
 a - a +0 robe (worn)
 d - a +0 pair of gloves (worn)
 i - a cursed -2 orcish leather armour
Magical devices
 l - a wand of fireball (6)
 m - a wand of disintegration (9)
Scrolls
 e - 2 scrolls of recharging
 h - a scroll of remove curse
 k - 2 scrolls of identify
 r - a scroll of noise {unknown}
 s - a scroll of curse jewellery
Jewellery
 g - a ring of teleportation (left hand)
 o - a cursed amulet of resist mutation (around neck)
Books
 c - a book of Conjurations

   Spells                             Type                      Level
   *Magic Dart                        Conjuration                  1
   *Searing Ray                       Conjuration                  2
   Dazzling Spray                     Conjuration/Hexes            3
   *Iskenderun's Mystic Blast         Conjuration                  4
   Iskenderun's Battlesphere          Conjuration/Charms           4
   Fulminant Prism                    Conjuration/Hexes            5


   Skills:
 - Level 2.1 Dodging
 - Level 3.0 Stealth
 - Level 2.3 Spellcasting
 * Level 5.0 Conjurations


You had one spell level left.
You knew the following spells:

 Your Spells              Type           Power        Failure   Level  Hunger
a - Magic Dart            Conj           ###.         1%          1    #......
d - Iskenderun's Mystic   Conj           ###.....     24%         4    #####..
s - Searing Ray           Conj           ###...       3%          2    ##.....


Dungeon Overview and Level Annotations

Branches:
Dungeon (3/16)

Altars:
the Shining One


Innate Abilities, Weirdness & Mutations

Your natural rate of healing is unusually fast.
You have razor-sharp teeth.*
You have supernaturally acute eyesight.
You can survive without breathing.*


Message History

Read which item? (? for menu, Esc to quit)
As you read the scroll labeled SCHOM UMONOCOO, it crumbles to dust.
The scroll dissolves into smoke.
It was a scroll of fog.
The orc hits you with an orcish morningstar!
* * * LOW HITPOINT WARNING * * *
The orc wizard gestures at you while chanting.
The magic dart hits you!
* * * LOW HITPOINT WARNING * * *
Read which item? (? for menu, Esc to quit)
As you read the scroll labeled CRERCH XAMEDAPS, it crumbles to dust.
Your +3,+1 dwarven hand axe of electrocution glows red for a moment.
It was a scroll of enchant weapon II.
The orc wizard misses you. The orc closely misses you.
Read which item? (? for menu, Esc to quit)
As you read the scroll labeled THINEJA MILIA, it crumbles to dust.
Your +3,+2 dwarven hand axe of electrocution glows black for a moment.
It was a scroll of curse weapon.
The orc wizard points at you and mumbles some strange words.
The magic dart hits you!
You die...

#####....#(##.##########.###..#
#....#.##.# #.# #..#
###.##.##.# #.###..# #.##.##.#
### #......# #....##.. ..#
##.....# ##########
##.#####.#...# #§ ...#....#..##
#o###..#.##.#..#
#§@oo..#.####..#
######r#.......# #.......#.#
#####...#.# #...# #...# #...#
#.#.# #...#


You could see an orc wizard and 2 orcs.

Vanquished Creatures
  An orc priest (D:3)
  An orc wizard (D:3)
  3 adders
  A worm (D:2)
  4 giant geckos
  10 orcs (D:3)
  8 giant cockroaches
  5 hobgoblins
  19 jackals
  10 kobolds
  A quokka (D:3)
  A ball python (D:2)
  7 bats
  5 giant newts
  8 goblins
  4 rats
88 creatures vanquished.

Vanquished Creatures (others)
  4 toadstools (D:1)
4 creatures vanquished.

Grand Total: 92 creatures vanquished

Notes
Turn   | Place    | Note
--------------------------------------------------------------
     0 | D:1      | PolkaDot, the Vampire Conjurer, began the quest for the Orb.
     0 | D:1      | Reached XP level 1. HP: 13/13 MP: 3/3
   335 | D:1      | Reached XP level 2. HP: 16/19 MP: 0/4
   809 | D:1      | Learned a level 2 spell: Searing Ray
  1388 | D:1      | Reached XP level 3. HP: 24/24 MP: 0/6
  2238 | D:2      | Reached skill level 4 in Conjurations
  2341 | D:2      | Reached XP level 4. HP: 25/30 MP: 4/8
  2429 | D:2      | Found a glowing golden altar of the Shining One.
  2801 | D:3      | Reached XP level 5. HP: 33/35 MP: 5/9
  3354 | D:3      | Reached skill level 5 in Conjurations
  3403 | D:3      | Learned a level 4 spell: Iskenderun's Mystic Blast
  3440 | D:3      | HP: 1/35 [orc wizard/magic dart (7)]
  3442 | D:3      | Killed from afar by an orc wizard

Action                   |  1- 3 |  4- 6 || total
-------------------------+-------+-------++-------
Melee: Unarmed           |    50 |       ||    50
       Hand axe          |    18 |    48 ||    66
 Cast: Magic Dart        |    41 |     5 ||    46
       Searing Ray       |     8 |    10 ||    18
Evoke: Wand              |     1 |       ||     1
  Use: Potion            |     1 |    10 ||    11
       Scroll            |       |     7 ||     7
 Stab: Sleeping          |     4 |     1 ||     5
